 Dungeon Crawl Stone Soup version 0.28.0-45-g0d030f2227 (webtiles) character file.

Game seed: 1696790355112386242

399 101zpm the Chiller (level 6, 0/44 HPs)
             Began as a Gnoll Ice Elementalist on Apr 21, 2022.
             Was a Follower of Uskayaw.
             Succumbed to a scorpion's poison
             ... on level 3 of the Dungeon.
             The game lasted 00:12:29 (4776 turns).

101zpm the Chiller (Gnoll Ice Elementalist)         Turns: 4776, Time: 00:12:29

Health: 0/44       AC:  4    Str:  7    XL:     6   Next: 84%
Magic:  8/14       EV: 13    Int: 17    God:    Uskayaw [*.....]
Gold:   111        SH:  0    Dex: 12    Spells: 4/15 levels left

rFire   + . .      SeeInvis .   h - staff of air
rCold   + . .      Faith    .   (no shield)
rNeg    . . .      Spirit   .   j - +2 robe {Will+}
rPois   +          Reflect  .   (no helmet)
rElec   +          Harm     .   (no cloak)
rCorr   +          Rampage  .   (no gloves)
Will    +....                   (no boots)
Stlth   +++.......              (no amulet)
HPRegen 0.14/turn               (no ring)
MPRegen 0.14/turn               (no ring)

@: lethally poisoned (0 -> -7), resistant, freezing walls
A: fangs 1, strong nose, distributed training
a: Renounce Religion, Stomp


You were on level 3 of the Dungeon.
You worshipped Uskayaw.
Uskayaw was noncommittal.
You visited 2 branches of the dungeon, and saw 5 of its levels.

You collected 191 gold pieces.
You spent 80 gold pieces at shops.

Inventory:

Hand Weapons
 d - a +0 dagger of holy wrath
 g - a +2 dagger of freezing
 o - a +0 vampiric dagger
Missiles
 i - 76 bolts
 l - 120 stones
Armour
 a - a +0 robe
 j - a +2 robe of willpower (worn)
Magical Staves
 h - a staff of air (weapon)
Scrolls
 c - a scroll of identify
 m - a scroll of teleportation
 n - a scroll of torment
 p - 2 scrolls of enchant armour
 q - a scroll of enchant weapon {unknown}
Potions
 b - 3 potions of attraction
 e - 2 potions of brilliance
 f - a potion of haste


   Skills:
 + Level 2.1 Fighting
 + Level 2.1 Short Blades
 + Level 2.1 Long Blades
 + Level 2.1 Axes
 + Level 2.1 Maces & Flails
 + Level 2.1 Polearms
 + Level 2.1 Staves
 + Level 2.1 Slings
 + Level 2.1 Bows
 + Level 2.1 Crossbows
 + Level 2.1 Throwing
 + Level 2.1 Armour
 + Level 5.0 Dodging
 + Level 4.7 Stealth
 + Level 2.1 Shields
 + Level 2.1 Unarmed Combat
 + Level 5.4 Spellcasting
 + Level 1.7 Conjurations
 + Level 1.7 Hexes
 + Level 1.7 Summonings
 + Level 1.7 Necromancy
 + Level 1.7 Translocations
 + Level 1.7 Transmutations
 + Level 1.7 Fire Magic
 + Level 7.3 Ice Magic
 + Level 1.7 Air Magic
 + Level 1.7 Earth Magic
 + Level 1.7 Poison Magic
 + Level 2.3 Invocations
 + Level 2.1 Evocations


You had 4 spell levels left.
You knew the following spells:

 Your Spells              Type           Power      Damage    Failure   Level
a - Freeze                Ice            100%       1d11      1%          1
b - Frozen Ramparts       Ice            58%        1d7       1%          3
c - Ozocubu's Armour      Ice            29%        N/A       1%          3
d - Hailstorm             Conj/Ice       20%        3d6       22%         4

Your spell library contained the following spells:

 Spells                   Type           Power      Damage    Failure   Level


Dungeon Overview and Level Annotations

Branches:
Dungeon (4/15)             Temple (1/1) D:4

Altars:
Ashenzari
Dithmenos
Elyvilon
Gozag
Hepliaklqana
Kikubaaqudgha
Makhleb
Nemelex Xobeh
Qazlal
Ru
Uskayaw
Vehumet
Wu Jian
Xom
Yredelemnul
Zin
The Shining One

Shops:
D:4 ?


Innate Abilities, Weirdness & Mutations

You have very sharp teeth.
Your uncanny sense of smell can sniff out nearby items.
Your experience applies equally to all skills.


Message History

You feel very sick.
The scorpion stings you but does no damage.
You hit the scorpion but do no damage.
The scorpion is lightly wounded.
You feel very sick. The scorpion closely misses you.
The kobold hits you with a +0 whip.
You are too injured to fight recklessly!
You are too injured to fight recklessly!
You are too injured to fight recklessly!
You are too injured to fight recklessly!
You are too injured to fight recklessly!
You are too injured to fight recklessly!
You are too injured to fight recklessly!
You are too injured to fight recklessly!
You are too injured to fight recklessly!
You are too injured to fight recklessly!
You are too injured to fight recklessly!
Casting: Frozen Ramparts (safe; 1% risk of failure)
Confirm with . or Enter, or press ? or * to list all spells.
Casting: Frozen Ramparts (safe; 1% risk of failure)
Press: ? - help, Dir - look around, f - activate The walls around you are covered in ice.
You feel very sick.
The wall freezes the scorpion!
The scorpion stings you!
* * * LOW HITPOINT WARNING * * *
The kobold hits you with a +0 whip.
* * * LOW HITPOINT WARNING * * *
The wall freezes the scorpion.
The scorpion misses you.
It was a potion of resistance.
You feel protected.
* * * LOW HITPOINT WARNING * * *
You feel sick. The kobold barely misses you.
The wall freezes the scorpion.
The scorpion closely misses you.
You can now pass through a line of other dancers.
Your frozen ramparts will break if you move.
Continue?
Okay, then.
You stomp with the beat, sending a shockwave through the revellers around you!
You kill the kobold!
You kill the scorpion!
You can no longer pass through a line of other dancers.
You die...

#....#### #.##.....
##########.##.....
####........)........
#...............###'#
#....................
#....########>.......
#....# #..).......
#..)@# #.....##..#
#....# #..........
#....######..........
#....................
#....................
#............#.......
#............####....
#....###...### ......
... #...# #......


There were no monsters in sight!

Vanquished Creatures
  A black bear (D:4)
  A scorpion (D:3)
  An orc priest (D:3)
  Jessica (D:3)
  An iguana (D:4)
  11 adders
  2 gnolls (D:1)
  A howler monkey skeleton (D:4)
  A worm (D:3)
  7 dart slugs
  7 orcs
  9 ball pythons
  4 endoplasms
  A giant cockroach (D:1)
  13 goblins
  8 hobgoblins
  4 jackals (D:2)
  3 quokkas
  A bat (D:1)
  4 frilled lizards
  6 kobolds
  A rat (D:3)
88 creatures vanquished.

Notes
Turn   | Place    | Note
-------+----------+-------------------------------------------
     0 | D:1      | 101zpm the Gnoll Ice Elementalist began the quest for the
                  | Orb.
     0 | D:1      | Reached XP level 1. HP: 13/13 MP: 6/6
   117 | D:1      | Reached XP level 2. HP: 14/20 MP: 4/7
   361 | D:1      | Reached skill level 5 in Spellcasting
   361 | D:1      | Reached XP level 3. HP: 13/25 MP: 3/9
   756 | D:1      | Reached skill level 1 in Invocations
  1338 | D:1      | Found a faded altar of an unknown god.
  1341 | D:1      | Prayed at the altar of an unknown god.
  1341 | D:1      | Became a worshipper of Uskayaw the Reveller
  1341 | D:1      | Reached * piety under Uskayaw
  1440 | D:2      | Reached skill level 1 in Fighting
  1440 | D:2      | Reached skill level 1 in Short Blades
  1440 | D:2      | Reached skill level 1 in Long Blades
  1440 | D:2      | Reached skill level 1 in Axes
  1440 | D:2      | Reached skill level 1 in Maces & Flails
  1440 | D:2      | Reached skill level 1 in Polearms
  1440 | D:2      | Reached skill level 1 in Staves
  1440 | D:2      | Reached skill level 1 in Slings
  1440 | D:2      | Reached skill level 1 in Bows
  1440 | D:2      | Reached skill level 1 in Crossbows
  1440 | D:2      | Reached skill level 1 in Throwing
  1440 | D:2      | Reached skill level 1 in Armour
  1440 | D:2      | Reached skill level 1 in Shields
  1440 | D:2      | Reached skill level 1 in Unarmed Combat
  1440 | D:2      | Reached skill level 1 in Evocations
  1452 | D:2      | Reached ** piety under Uskayaw
  1453 | D:2      | Reached XP level 4. HP: 14/32 MP: 8/11
  2280 | D:2      | Reached skill level 1 in Conjurations
  2280 | D:2      | Reached skill level 1 in Hexes
  2280 | D:2      | Reached skill level 1 in Summonings
  2280 | D:2      | Reached skill level 1 in Necromancy
  2280 | D:2      | Reached skill level 1 in Translocations
  2280 | D:2      | Reached skill level 1 in Transmutations
  2280 | D:2      | Reached skill level 1 in Fire Magic
  2280 | D:2      | Reached skill level 1 in Air Magic
  2280 | D:2      | Reached skill level 1 in Earth Magic
  2280 | D:2      | Reached skill level 1 in Poison Magic
  2474 | D:2      | Reached XP level 5. HP: 37/37 MP: 9/12
  3233 | D:3      | Reached *** piety under Uskayaw
  3349 | D:4      | Learned a level 3 spell: Frozen Ramparts
  3353 | D:4      | Learned a level 3 spell: Ozocubu's Armour
  3358 | D:4      | Learned a level 4 spell: Hailstorm
  3494 | D:4      | Found a staircase to the Ecumenical Temple.
  3512 | Temple   | Entered the Ecumenical Temple
  3741 | D:4      | Noticed a black bear
  3754 | D:4      | Killed a black bear
  3755 | D:4      | Reached XP level 6. HP: 35/44 MP: 4/14
  4004 | D:4      | Reached skill level 5 in Dodging
  4050 | D:4      | Found Apheppoch's Magic Scroll Shoppe.
  4055 | D:4      | Bought a scroll of identify for 20 gold pieces
  4055 | D:4      | Bought 2 scrolls of identify for 40 gold pieces
  4055 | D:4      | Bought a scroll of identify for 20 gold pieces
  4086 | D:3      | Noticed Jessica
  4715 | D:3      | Killed Jessica
  4774 | D:3      | HP: 2/44 [kobold/+0 whip (5)]
  4776 | D:3      | Succumbed to a scorpion's poison

Illustrated notes

Levels and vault maps discovered:
D:1:      dpeg_arrival_tiny_h, layout_basic,
          shapermc_ecumenical_altar_mp_vishouse
D:2:      layout_loops_ring, minmay_tree_intersection, minmay_snake_closets
D:3:      layout_basic, item_on_display_a, uniq_jessica
D:4:      layout_loops_corners, minmay_temple_entry_trees, serial_glass,
          glass_columns_a, glass_columns_a, glass_columns_c, glass_columns_a,
          glass_columns_a, glass_columns_a, serial_shops, nicolae_square_shop,
          uniq_pikel
Temple:   minmay_crystal_spiral_temple

Skill      XL: |  1  2  3  4  5  6 |
---------------+-------------------+-----
Spellcasting   | 5 |  5.4
Invocations    | 1 2 |  2.3
Fighting       | 1 2 |  2.1
Short Blades   | 1 2 |  2.1
Long Blades    | 1 2 |  2.1
Axes           | 1 2 |  2.1
Maces & Flails | 1 2 |  2.1
Polearms       | 1 2 |  2.1
Staves         | 1 2 |  2.1
Slings         | 1 2 |  2.1
Bows           | 1 2 |  2.1
Crossbows      | 1 2 |  2.1
Throwing       | 1 2 |  2.1
Armour         | 1 2 |  2.1
Shields        | 1 2 |  2.1
Unarmed Combat | 1 2 |  2.1
Evocations     | 1 2 |  2.1
Conjurations   | 1 |  1.7
Hexes          | 1 |  1.7
Summonings     | 1 |  1.7
Necromancy     | 1 |  1.7
Translocations | 1 |  1.7
Transmutations | 1 |  1.7
Fire Magic     | 1 |  1.7
Air Magic      | 1 |  1.7
Earth Magic    | 1 |  1.7
Poison Magic   | 1 |  1.7
Dodging        | 5 |  5.0
Stealth        | |  4.7
Ice Magic      | |  7.3

Action                   |  1- 3 |  4- 6 || total
-------------------------+-------+-------++-------
Melee: Unarmed           |    28 |       ||    28
       Bite              |     4 |    14 ||    18
       Punch             |     1 |       ||     1
       Dagger            |    36 |    12 ||    48
       Staff             |       |    52 ||    52
 Cast: Freeze            |    31 |    63 ||    94
       Frozen Ramparts   |       |    12 ||    12
       Hailstorm         |       |     3 ||     3
Invok: Stomp             |       |     1 ||     1
  Use: Scroll            |       |     6 ||     6
       Potion            |       |     1 ||     1
 Stab: Sleeping          |       |     2 ||     2
Armor: Robe              |    16 |    22 ||    38
Dodge: Dodged            |    47 |    83 ||   130
